 Dungeon Crawl Stone Soup version 0.14-a0-2124-ga163777 (webtiles) character file.

1389 4tharraofdagon the Chopper (level 8, 0/40 HPs)
             Began as a Vine Stalker Wanderer on Jan 27, 2014.
             Slain by an ice beast (19 damage)
             ... on Level 6 of the Dungeon.
             The game lasted 00:13:01 (2280 turns).

4tharraofdagon the Chopper (Vine Stalker Wanderer)  Turns: 2280, Time: 00:13:01

HP   0/40        AC 10     Str 14      XL: 8   Next: 27%
MP   0/16        EV  8     Int 14      God:
Gold 326         SH  0     Dex 15      Spells:  1 memorised,  8 levels left

rFire  + + .     SeeInvis .     i - +1 war axe
rCold  x . .     Clarity  .     H - +0 fire dragon armour
rNeg   + . .     Conserve .     (no shield)
rPois  .         rCorr    .     (no helmet)
rElec  .         rRot     +     M - +0 cloak
SustAb . .       Spirit   +     (no gloves)
rMut   .         Warding  .     (no boots)
Saprov . . .     Stasis   .     (no amulet)
MR     +....                    (no ring)
                                B - ring of positive energy

@: mildly poisoned, somewhat resistant to hostile enchantments, very unstealthy
A: fangs 3, regeneration 2, magic shield, antimagic bite, no device heal
a: no special abilities


You were on level 6 of the Dungeon.
You were not hungry.

You visited 1 branch of the dungeon, and saw 7 of its levels.

You collected 326 gold pieces.

Inventory:

Hand weapons
 i - a +1,+1 war axe (weapon)
 y - a +0 blowgun
Missiles
 e - 3 large rocks (quivered)
 t - 21 darts
 z - 19 poisoned needles
 I - 11 darts of frost
Armour
 d - a +0 orcish cloak
 H - a +0 fire dragon armour (worn)
 M - a +0 cloak (worn)
Magical devices
 x - a wand of disintegration (10)
 C - a wand of fire (2)
Comestibles
 a - a choko
 c - 3 bread rations
 f - 4 meat rations
 g - a pear
 K - an apple
Scrolls
 n - 2 scrolls of enchant weapon II
 o - a scroll of recharging {unknown}
 p - a scroll of immolation {unknown}
 r - 2 scrolls of remove curse
 v - 2 scrolls of curse weapon {unknown}
 w - a scroll of teleportation
 A - a scroll of magic mapping {unknown}
 D - 2 scrolls of blinking {unknown}
 E - a scroll of amnesia {unknown}
 F - a scroll of curse jewellery {unknown}
 G - 2 scrolls of fog
 J - a scroll of identify
 L - 2 scrolls of enchant armour {unknown}
 N - a scroll of curse armour {unknown}
Jewellery
 l - an uncursed ring of teleportation
 B - a ring of positive energy (left hand)
Potions
 b - a potion of invisibility {unknown}
 h - 3 potions of brilliance {unknown}
 j - a potion of speed {unknown}
 k - 2 potions of might
 m - 2 potions of curing {unknown}
 q - a potion of restore abilities
 s - 2 potions of agility {unknown}
 u - 2 potions of resistance {unknown}


   Skills:
 + Level 3.1 Fighting
 * Level 4.8 Axes
 - Level 1.0 Throwing
 + Level 3.8 Armour
 + Level 2.6 Dodging
 - Level 4.3 Stealth
 - Level 1.1 Spellcasting
   Level 1.0 Necromancy
   Level 1.0 Fire Magic
 + Level 3.2 Evocations


You had 8 spell levels left.
You knew the following spells:

 Your Spells              Type           Power        Failure   Level  Hunger
a - Sandblast             Erth           #.....       96%         1    ##.....


Dungeon Overview and Level Annotations

Branches:
Dungeon (7/16)
 Temple: D:4-7

Altars:
Ashenzari
Yredelemnul

Annotations:
D:4 Grinder


Innate Abilities, Weirdness & Mutations

You have razor-sharp teeth.
You heal very quickly.
When hurt, damage is shared between your health and your magic reserves.
Your bite disrupts and absorbs the magic of your enemies.
Potions and wands cannot restore your HP.


Message History

You drain its power.
You feel invigorated.
The worker ant is almost dead.
You feel sick. The worker ant barely misses you. The worker ant bites you.
You barely miss the worker ant.
The worker ant is almost dead.
The worker ant bites you but does no damage.
You hit the worker ant.
You kill the worker ant!
No target in view!
No target in view!
No target in view!
You see here a worker ant corpse.
An ice beast comes into view.
You feel sick.
The ice beast hits you but does no damage.
You barely miss the ice beast. You bite the ice beast! You drain its power.
The ice beast is moderately wounded.
The ice beast hits you. The ice beast freezes you!
You feel a terrible chill! The ice beast hits you. The ice beast freezes you!
You feel a terrible chill!
You die...

#### #...##
#.....#
###I......#
#.@...#
###.....#
#.....###
###%...##
###..%..##
#......## ##
##.....###..## (
##....###.#...#
.. ##
##....###......#
#..


You could see an ice beast.

Vanquished Creatures
  4 ogres
  An ice beast (D:5)
  The ghost of Moksha the Shooter, an average DsHu of Kikubaaqudgha (D:3)
  Sigmund (D:4)
  A giant frog (D:6)
  A jellyfish (D:7)
  2 orc wizards
  A hound (D:7)
  2 orc priests
  3 worker ants
  3 gnolls (D:5)
  4 adders
  An inept feature mimic (D:4)
  4 worms
  An adder zombie (D:6)
  10 orcs
  A giant cockroach (D:2)
  3 goblins
  8 hobgoblins
  4 jackals
  12 bats
  4 giant geckos
  2 giant newts (D:5)
  8 kobolds
  2 quokkas (D:6)
  4 rats
88 creatures vanquished.

Vanquished Creatures (others)
  An orc wizard (D:4)
1 creature vanquished.

Grand Total: 89 creatures vanquished

Notes
Turn   | Place    | Note
--------------------------------------------------------------
     0 | D:1      | 4tharraofdagon, the Vine Stalker Wanderer, began the quest for the Orb.
     0 | D:1      | Reached XP level 1. HP: 10/10 MP: 3/3
   261 | D:2      | Reached XP level 2. HP: 11/14 MP: 5/5
   495 | D:3      | Reached XP level 3. HP: 13/18 MP: 3/6
   542 | D:3      | Found a basalt altar of Yredelemnul.
   562 | D:3      | Found a shattered altar of Ashenzari.
   622 | D:3      | Noticed Moksha's ghost (average DsHu)
   651 | D:3      | Killed Moksha's ghost
   651 | D:3      | Reached skill level 1 in Dodging
   651 | D:3      | Reached skill level 1 in Evocations
   651 | D:3      | Reached XP level 4. HP: 17/23 MP: 7/7
   651 | D:3      | Reached XP level 5. HP: 19/26 MP: 10/10
   726 | D:4      | Noticed an ogre
   806 | D:4      | Noticed Grinder
   824 | D:5      | Entered Level 5 of the Dungeon
   831 | D:5      | Noticed an ogre
   858 | D:5      | Killed an ogre
   858 | D:5      | Reached skill level 3 in Armour
   858 | D:5      | Gained mutation: You heal very quickly. [vine stalker growth]
   858 | D:5      | Reached XP level 6. HP: 27/30 MP: 11/11
   905 | D:4      | Killed an ogre
   944 | D:4      | Noticed Sigmund
   949 | D:4      | Killed Sigmund
  1136 | D:5      | Reached XP level 7. HP: 35/35 MP: 12/12
  1162 | D:5      | Noticed an ice beast
  1171 | D:5      | Killed an ice beast
  1428 | D:6      | Reached skill level 4 in Axes
  1804 | D:5      | Gained mutation: You have razor-sharp teeth. [vine stalker growth]
  1804 | D:5      | Reached XP level 8. HP: 39/39 MP: 12/15
  2280 | D:6      | Slain by an ice beast

Action                   |  1- 3 |  4- 6 |  7- 9 || total
-------------------------+-------+-------+-------++-------
Melee: Dagger            |    25 |       |       ||    25
       War axe           |    75 |    46 |   138 ||   259
 Fire: Blowgun           |       |    12 |       ||    12
Evoke: Wand              |     1 |     4 |     5 ||    10
  Use: Scroll            |     5 |       |     2 ||     7
